Penguins vs Sharks

Created - 20 janvier 2018 at 15:55

Goals
1 2 3 T
Penguins 0 0 0 0
Sharks 1 2 1 4
Shots
1 2 3 T
Penguins 12 4 12 28
Sharks 15 12 18 45

1st period

1. Sharks , Michael Frolik 9 (Colton Parayko 14, Daniel Winnik 20) at 5:30

Penalties :
Kyle Quincey (PIT) for Holding (Minor) at 1:00, Nick Ritchie (PIT) for Holding (Minor) at 5:37, Dany Heatley (SJS) for Slashing (Minor) at 12:13, Kevin Klein (PIT) for Tripping (Minor) at 12:13, Rob Scuderi (SJS) for Roughing (Minor) at 15:28, Alec Martinez (SJS) for Tripping (Minor) at 19:17

2nd period

2. Sharks , Michael Ryder 19 (Nathan MacKinnon 14, Rob Scuderi 10) at 1:48
3. Sharks , Nikita Nikitin 1 (Colton Parayko 15, Henrik Zetterberg 24) at 4:45 (PP)

Penalties :
Garnet Exelby (PIT) for Hooking (Minor) at 3:22, Garnet Exelby (PIT) for Tripping (Minor) at 8:56, Shane Doan (PIT) for Roughing (Minor) at 15:34, Garnet Exelby (PIT) for Hooking (Minor) at 18:07

3rd period

4. Sharks , Daniel Winnik 9 (Michael Frolik 10, Cal Clutterbuck 6) at 15:21

Penalties :
Ole-Kristian Tollefson (SJS) for Fighting (Major) at 0:52, Kurtis Foster (PIT) for Fighting (Major) at 0:52, Cal Clutterbuck (SJS) for Holding (Minor) at 6:33, Nick Ritchie (PIT) for Hooking (Minor) at 9:34, Dany Heatley (SJS) for Boarding (Minor) at 12:06, Dustin Jeffrey (PIT) for Tripping (Minor) at 12:06, Shane Doan (PIT) for Hooking (Minor) at 17:47

Goalie Stats

Jon Gillies (PIT), 41 saves from 45 shots - (0,911), L, 0-1-0, 60:00 minutes
Martin Jones (SJS), 28 saves from 28 shots - (1,000), W, 21-13-0, 60:00 minutes

Players Stats for Penguins

Player Name              G  A  P  +/- PIM S  H  SB GA TA FO     MP     PP MP  PK MP  
------------------------------------------------------------------------------------
Alexander Burmistrov     0  0  0   0  0   1  0  0  0  0  0/6    10:41   3:17   0:00 
Anze Kopitar             0  0  0  -1  0   6  1  0  0  0  15/26  27:24   3:17  10:52 
Dustin Jeffrey           0  0  0  -1  2   2  0  0  0  0  3/6    12:55   0:00   2:17 
Garnet Exelby            0  0  0  -1  6   0  5  0  0  0  0/0    10:00   0:00   0:52 
Jared Boll               0  0  0  -2  0   2  6  0  0  0  0/4    21:10   2:40   4:11 
Jiri Novotny             0  0  0  -1  0   2  0  0  0  0  1/2    12:29   0:00   1:50 
Jordan Schroeder         0  0  0   0  0   1  0  0  0  0  3/10    7:06   3:17   0:00 
Kamil Kreps              0  0  0   0  0   1  0  0  0  0  0/0     7:24   0:00   0:00 
Kevin Klein              0  0  0  -1  2   1  0  1  0  0  0/0    23:34   1:52   7:26 
Kurtis Foster            0  0  0  -1  5   2  4  2  0  0  0/0    21:18   2:13   6:53 
Kyle Quincey             0  0  0  -1  2   0  2  4  0  0  0/0    26:02   3:44   6:58 
Mark Ardelan             0  0  0  -1  0   2  1  2  0  0  0/0    11:32   0:21   0:00 
Matt Martin              0  0  0   0  0   0  0  0  0  0  0/0     0:00   0:00   0:00 
Nick Ritchie             0  0  0   0  4   1  2  0  0  0  0/0    11:11   0:00   0:00 
Nikita Soshnikov         0  0  0   0  0   0  0  0  0  0  0/0     3:49   0:00   0:00 
Ryan Suter               0  0  0  -1  0   2  0  3  0  0  0/0    27:28   3:44   8:23 
Shane Doan               0  0  0  -2  4   4  7  0  0  0  21/45  25:22   2:40   7:11 
Viktor Stalberg          0  0  0  -2  0   1  0  0  0  0  0/0    21:10   2:40   4:11 

Players Stats for Sharks

Player Name              G  A  P  +/- PIM S  H  SB GA TA FO     MP     PP MP  PK MP  
------------------------------------------------------------------------------------
Alec Martinez            0  0  0   1  2   1  2  0  0  0  0/0    23:46   7:50   2:04 
Andrew Ladd              0  0  0   1  0   4  0  0  0  0  11/18  15:02   0:17   0:00 
Cal Clutterbuck          0  1  1   2  2   0  3  0  0  0  1/3     7:24   0:00   0:00 
Colton Parayko           0  2  2   2  0   2  2  2  0  0  0/0    22:47   7:26   3:00 
Daniel Winnik            1  1  2   2  0   1  0  0  0  0  13/21  15:00   7:35   0:00 
Dany Heatley             0  0  0   0  4   6  6  0  0  0  2/4    21:58   7:35   1:46 
Henrik Zetterberg        0  1  1   0  0   6  0  0  0  0  18/31  21:19   7:24   1:46 
Jean-Gabriel Pageau      0  0  0   0  0   3  0  0  0  0  5/9    16:14   7:35   4:11 
Keith Ballard            0  0  0   0  0   0  1  0  0  0  0/0     0:56   0:00   0:56 
Marian Gaborik           0  0  0   0  0   1  2  0  0  0  1/1    17:51   7:24   0:00 
Mark Letestu             0  0  0   0  0   0  0  0  0  0  0/0     4:11   0:17   0:00 
Michael Frolik           1  1  2   2  0   5  0  0  0  0  4/10   21:33   7:41   4:11 
Michael Ryder            1  0  1   1  0   5  2  0  0  0  0/1    14:45   0:00   0:00 
Nathan MacKinnon         0  1  1   1  0   4  0  0  0  0  1/1    14:45   0:00   0:00 
Nikita Nikitin           1  0  1   0  0   3  0  3  0  0  0/0    26:40   7:26   2:57 
Ole-Kristian Tollefson   0  0  0   0  5   1  3  0  0  0  0/0    15:29   0:00   2:57 
Rob Scuderi              0  1  1   1  2   3  0  0  0  0  0/0    22:42   7:50   0:00 
Seth Jones               0  0  0   2  0   0  0  1  0  0  0/0     7:37   0:00   0:00 

3 Stars

1 - Martin Jones (SJS)
2 - Michael Frolik (SJS)
3 - Daniel Winnik (SJS)

Power Play

Penguins - 0 on 3 Attempt(s) - 0,00%
Sharks - 1 on 8 Attempt(s) - 12,50%

Penalty Kill

Penguins - 7 on 8 Attempt(s) - 87,50% - Score 0 goal in Penalty Kill
Sharks - 3 on 3 Attempt(s) - 100,00% - Score 0 goal in Penalty Kill

Team Stat

Penguins - Hits : 28 - Faceoff Wins : 43 - Blocked Shots : 12 - Penalty Minutes : 25
Sharks - Hits : 21 - Faceoff Wins : 56 - Blocked Shots : 6 - Penalty Minutes : 15

Official

Referees : Chris Brown and Ryan Hersey
Linesman : Bob Marcis and Brent Colby

Game Notes

Ole-Kristian Tollefson beats up Kurtis Foster at 0:52 of 3rd period

Finance

Level 1 -- Attendance: 6000 (100,00%) -- Ticket Income 666 000 $
Level 2 -- Attendance: 5000 (100,00%) -- Ticket Income 320 000 $
Level 3 -- Attendance: 2000 (100,00%) -- Ticket Income 96 000 $
Level 4 -- Attendance: 4000 (100,00%) -- Ticket Income 116 000 $
Luxury Box -- Attendance: 1483 (100,00%) -- Ticket Income 348 505 $
Game was played at the HP Pavillion.
Total Attendance: 18483 (100,00%)
Total Ticket Income: 1 546 505 $
Other Income: 757 787 $
Total Income: 2 304 292 $

Penguins

5 vs 5 Forward 
   Center                   Left Wing                Right Wing               Time % Phy DF OF 
 1 Shane Doan               Viktor Stalberg          Jared Boll               40     1   2  2  
 2 Anze Kopitar             Dustin Jeffrey           Jiri Novotny             30     1   2  2  
 3 Alexander Burmistrov     Nick Ritchie             Kamil Kreps              20     1   2  2  
 4 Jordan Schroeder         Nick Ritchie             Nikita Soshnikov         10     1   2  2  

5 vs 5 Defense 
   Defense                  Defense                                           Time % Phy DF OF 
 1 Ryan Suter               Kyle Quincey                                      40     1   2  2  
 2 Kevin Klein              Kurtis Foster                                     30     1   2  2  
 3 Mark Ardelan             Garnet Exelby                                     20     1   2  2  
 4 Ryan Suter               Kyle Quincey                                      10     1   2  2  

PowerPlay Forward 
   Center                   Left Wing                Right Wing               Time % Phy DF OF 
 1 Shane Doan               Viktor Stalberg          Jared Boll               60     1   2  2  
 2 Anze Kopitar             Alexander Burmistrov     Jordan Schroeder         40     1   2  2  

PowerPlay Defense
   Defense                  Defense                                           Time % Phy DF OF 
 1 Ryan Suter               Kyle Quincey                                      60     1   2  2  
 2 Kevin Klein              Kurtis Foster                                     40     1   2  2  

Penalty Kill 4 Players Forward 
   Center                   Wing                     Time % Phy DF OF 
 1 Shane Doan               Anze Kopitar             60     1   2  2  
 2 Jared Boll               Viktor Stalberg          40     1   2  2  

Penalty Kill 4 Players Defense
   Defense                  Defense                  Time % Phy DF OF 
 1 Ryan Suter               Kyle Quincey             60     1   2  2  
 2 Kevin Klein              Kurtis Foster            40     1   2  2  

Penalty Kill - 3 Players Forward 
   Forward                                           Time % Phy DF OF 
 1 Shane Doan                                        60     1   2  2  
 2 Anze Kopitar                                      40     1   2  2  

Penalty Kill - 3 Players Defense
   Defense                  Defense                  Time % Phy DF OF 
 1 Ryan Suter               Kyle Quincey             60     1   2  2  
 2 Kevin Klein              Kurtis Foster            40     1   2  2  

4 vs 4 Forward 
   Center                   Wing                     Time % Phy DF OF 
 1 Shane Doan               Anze Kopitar             60     1   2  2  
 2 Jared Boll               Viktor Stalberg          40     1   2  2  

4 vs 4 Defense
   Defense                  Defense                  Time % Phy DF OF 
 1 Ryan Suter               Kyle Quincey             60     1   2  2  
 2 Kevin Klein              Kurtis Foster            40     1   2  2  

Last Minutes Offensive
   Center                   Left Wing                Right Wing               Defense                  Defense                  
   Shane Doan               Viktor Stalberg          Jared Boll               Ryan Suter               Kyle Quincey             

Last Minutes Defensive
   Center                   Left Wing                Right Wing               Defense                  Defense                  
   Shane Doan               Viktor Stalberg          Jared Boll               Ryan Suter               Kyle Quincey             

Goaltenders
Starting : Jon Gillies              
Backup : Ondrej Pavelec           

Extra Forwards
Normal : Nikita Soshnikov, Kamil Kreps, Dustin Jeffrey - PP : Nikita Soshnikov, Kamil Kreps - PK : Dustin Jeffrey
Extra Defensemen
Normal : Mark Ardelan, Garnet Exelby, Kevin Klein - PP : Mark Ardelan - PK : Garnet Exelby, Kevin Klein
Penalty Shots
Shane Doan, Anze Kopitar, Jared Boll, Viktor Stalberg, Alexander Burmistrov
Custom OT Lines Forwards
Shane Doan, Anze Kopitar, Jared Boll, Viktor Stalberg, Alexander Burmistrov, Jordan Schroeder, Kamil Kreps, Dustin Jeffrey, Jiri Novotny, Nick Ritchie
Custom OT Lines Defensemen
Ryan Suter, Kyle Quincey, Kevin Klein, Kurtis Foster, Mark Ardelan

Scratches
Jason Spezza (Exhaustion), Alexander Semin (Bruised Right Leg Injury), Ilya Bryzgalov (Healthy)

Sharks

5 vs 5 Forward 
   Center                   Left Wing                Right Wing               Time % Phy DF OF 
 1 Henrik Zetterberg        Dany Heatley             Marian Gaborik           34     0   0  5  
 2 Andrew Ladd              Nathan MacKinnon         Michael Ryder            34     0   0  5  
 3 Daniel Winnik            Michael Frolik           Cal Clutterbuck          21     1   1  3  
 4 Jean-Gabriel Pageau      Dany Heatley             Mark Letestu             11     0   3  2  

5 vs 5 Defense 
   Defense                  Defense                                           Time % Phy DF OF 
 1 Ole-Kristian Tollefson   Nikita Nikitin                                    35     1   2  2  
 2 Alec Martinez            Rob Scuderi                                       35     1   2  2  
 3 Colton Parayko           Seth Jones                                        20     1   2  2  
 4 Rob Scuderi              Alec Martinez                                     10     1   2  2  

PowerPlay Forward 
   Center                   Left Wing                Right Wing               Time % Phy DF OF 
 1 Henrik Zetterberg        Marian Gaborik           Michael Frolik           60     1   2  2  
 2 Daniel Winnik            Jean-Gabriel Pageau      Dany Heatley             40     1   2  2  

PowerPlay Defense
   Defense                  Defense                                           Time % Phy DF OF 
 1 Colton Parayko           Nikita Nikitin                                    60     1   2  2  
 2 Alec Martinez            Rob Scuderi                                       40     1   2  2  

Penalty Kill 4 Players Forward 
   Center                   Wing                     Time % Phy DF OF 
 1 Michael Frolik           Jean-Gabriel Pageau      60     1   2  2  
 2 Dany Heatley             Henrik Zetterberg        40     1   2  2  

Penalty Kill 4 Players Defense
   Defense                  Defense                  Time % Phy DF OF 
 1 Nikita Nikitin           Ole-Kristian Tollefson   60     1   2  2  
 2 Alec Martinez            Colton Parayko           40     1   2  2  

Penalty Kill - 3 Players Forward 
   Forward                                           Time % Phy DF OF 
 1 Jean-Gabriel Pageau                               60     1   2  2  
 2 Henrik Zetterberg                                 40     1   2  2  

Penalty Kill - 3 Players Defense
   Defense                  Defense                  Time % Phy DF OF 
 1 Ole-Kristian Tollefson   Nikita Nikitin           60     1   2  2  
 2 Alec Martinez            Colton Parayko           40     1   2  2  

4 vs 4 Forward 
   Center                   Wing                     Time % Phy DF OF 
 1 Jean-Gabriel Pageau      Michael Frolik           60     1   2  2  
 2 Dany Heatley             Henrik Zetterberg        40     1   2  2  

4 vs 4 Defense
   Defense                  Defense                  Time % Phy DF OF 
 1 Colton Parayko           Rob Scuderi              60     1   2  2  
 2 Alec Martinez            Nikita Nikitin           40     1   2  2  

Last Minutes Offensive
   Center                   Left Wing                Right Wing               Defense                  Defense                  
   Henrik Zetterberg        Dany Heatley             Marian Gaborik           Ole-Kristian Tollefson   Nikita Nikitin           

Last Minutes Defensive
   Center                   Left Wing                Right Wing               Defense                  Defense                  
   Henrik Zetterberg        Dany Heatley             Jean-Gabriel Pageau      Ole-Kristian Tollefson   Nikita Nikitin           

Goaltenders
Starting : Martin Jones             
Backup : Ray Emery                

Extra Forwards
Normal : Henrik Zetterberg, Michael Frolik, Jean-Gabriel Pageau - PP : Henrik Zetterberg, Michael Frolik - PK : Jean-Gabriel Pageau
Extra Defensemen
Normal : Colton Parayko, Nikita Nikitin, Alec Martinez - PP : Colton Parayko - PK : Colton Parayko, Alec Martinez
Penalty Shots
Jean-Gabriel Pageau, Michael Frolik, Dany Heatley, Henrik Zetterberg, Daniel Winnik
Custom OT Lines Forwards
Dany Heatley, Marian Gaborik, Michael Ryder, Henrik Zetterberg, Andrew Ladd, Daniel Winnik, Nathan MacKinnon, Michael Frolik, Jean-Gabriel Pageau, Cal Clutterbuck
Custom OT Lines Defensemen
Nikita Nikitin, Rob Scuderi, Alec Martinez, Ole-Kristian Tollefson, Colton Parayko

Scratches
Oscar Lindberg (Healthy)

% Time on Ice - Penguins

Lines # - Real PCT - Wanted PCT - Time Play
Normal Forward
1 - 37% - 40% - 12:57
2 - 31% - 30% - 10:39
3 - 21% - 20% - 7:24
4 - 11% - 10% - 3:49
Normal Defense
1 - 37% - 40% - 12:55
2 - 38% - 30% - 13:18
3 - 24% - 20% - 8:19
4 - 1% - 10% - 0:17
PP Forward
1 - 45% - 60% - 2:40
2 - 55% - 40% - 3:17
PP Defense
1 - 63% - 60% - 3:44
2 - 37% - 40% - 2:13
PK Forward
1 - 73% - 60% - 11:05
2 - 27% - 40% - 4:11
PK Defense
1 - 55% - 60% - 8:23
2 - 45% - 40% - 6:53
PK3 Forward
1 - 0% - 60%
2 - 0% - 40%
PK3 Defense
1 - 0% - 60%
2 - 0% - 40%
44 Forward
1 - 66% - 60% - 2:36
2 - 34% - 40% - 1:22
44 Defense
1 - 54% - 60% - 2:09
2 - 46% - 40% - 1:49
Last Minute Offensive  - 0:00
Last Minute Defensive  - 0:00
Total
Forward - 60:00
Defense - 60:00

% Time on Ice - Sharks

Lines # - Real PCT - Wanted PCT - Time Play
Normal Forward
1 - 30% - 34% - 10:27
2 - 42% - 34% - 14:45
3 - 21% - 21% - 7:25
4 - 6% - 11% - 2:12
Normal Defense
1 - 43% - 35% - 14:48
2 - 35% - 35% - 12:07
3 - 22% - 20% - 7:37
4 - 1% - 10% - 0:17
PP Forward
1 - 50% - 60% - 7:41
2 - 50% - 40% - 7:35
PP Defense
1 - 49% - 60% - 7:26
2 - 51% - 40% - 7:50
PK Forward
1 - 70% - 60% - 4:11
2 - 30% - 40% - 1:46
PK Defense
1 - 50% - 60% - 2:57
2 - 50% - 40% - 3:00
PK3 Forward
1 - 0% - 60%
2 - 0% - 40%
PK3 Defense
1 - 0% - 60%
2 - 0% - 40%
44 Forward
1 - 57% - 60% - 2:16
2 - 43% - 40% - 1:42
44 Defense
1 - 63% - 60% - 2:29
2 - 37% - 40% - 1:29
Last Minute Offensive  - 0:00
Last Minute Defensive  - 0:00
Total
Forward - 60:00
Defense - 60:00

Play by Play

1st period


0:01 of 1st period - Henrik Zetterberg wins face-off versus Shane Doan in neutral zone.
0:01 of 1st period - Nikita Nikitin is hit by Jared Boll and loses puck.
0:05 of 1st period - Ole-Kristian Tollefson is hit by Jared Boll and loses puck.
0:14 of 1st period - Shot by Henrik Zetterberg.
0:14 of 1st period - Deflect By Dany Heatley.
0:14 of 1st period - Stopped by Jon Gillies without a rebound.
0:15 of 1st period - Andrew Ladd wins face-off versus Anze Kopitar in Penguins zone.
0:28 of 1st period - Shot by Andrew Ladd.
0:28 of 1st period - Stopped by Jon Gillies without a rebound.
0:29 of 1st period - Daniel Winnik wins face-off versus Alexander Burmistrov in Penguins zone.
0:43 of 1st period - Off-side.
0:44 of 1st period - Shane Doan wins face-off versus Jean-Gabriel Pageau in neutral zone.
0:52 of 1st period - Jean-Gabriel Pageau is hit by Kyle Quincey and loses puck.
1:00 of 1st period - Minor Penalty to Kyle Quincey for Holding.
1:01 of 1st period - Henrik Zetterberg wins face-off versus Shane Doan in Penguins zone.
1:15 of 1st period - Icing by Nikita Nikitin.
1:16 of 1st period - Henrik Zetterberg wins face-off versus Shane Doan in Sharks zone.
1:25 of 1st period - Shot by Henrik Zetterberg.
1:25 of 1st period - Shot Misses the Net.
2:01 of 1st period - Shot by Dany Heatley.
2:01 of 1st period - Stopped by Jon Gillies without a rebound.
2:02 of 1st period - Daniel Winnik wins face-off versus Jared Boll in Penguins zone.
2:02 of 1st period - Daniel Winnik is hit by Kurtis Foster.
2:08 of 1st period - Shot by Jean-Gabriel Pageau.
2:08 of 1st period - Shot Misses the Net.
2:10 of 1st period - Shot by Rob Scuderi.
2:10 of 1st period - Stopped by Jon Gillies with a rebound.
2:12 of 1st period - Shot by Alec Martinez.
2:12 of 1st period - Shot Blocked by Kevin Klein.
3:07 of 1st period - Nathan MacKinnon is hit by Garnet Exelby and loses puck.
3:11 of 1st period - Nathan MacKinnon is hit by Garnet Exelby and loses puck.
3:17 of 1st period - Nathan MacKinnon is hit by Garnet Exelby.
3:35 of 1st period - Shot by Nathan MacKinnon.
3:35 of 1st period - Stopped by Jon Gillies without a rebound.
3:36 of 1st period - Anze Kopitar wins face-off versus Daniel Winnik in Penguins zone.
3:50 of 1st period - Shot by Colton Parayko.
3:50 of 1st period - Stopped by Jon Gillies without a rebound.
3:51 of 1st period - Henrik Zetterberg wins face-off versus Shane Doan in Penguins zone.
4:06 of 1st period - Henrik Zetterberg is hit by Shane Doan and loses puck.
4:10 of 1st period - Icing by Dany Heatley.
4:11 of 1st period - Henrik Zetterberg wins face-off versus Anze Kopitar in Sharks zone.
4:19 of 1st period - Icing by Kyle Quincey.
4:20 of 1st period - Anze Kopitar wins face-off versus Andrew Ladd in Penguins zone.
4:24 of 1st period - Kyle Quincey is hit by Ole-Kristian Tollefson and loses puck.
5:01 of 1st period - Shot by Dustin Jeffrey.
5:01 of 1st period - Stopped by Martin Jones without a rebound.
5:02 of 1st period - Marian Gaborik wins face-off versus Shane Doan in Sharks zone.
5:16 of 1st period - Icing by Shane Doan.
5:17 of 1st period - Shane Doan wins face-off versus Daniel Winnik in Penguins zone.
5:30 of 1st period - Shot by Michael Frolik.
5:30 of 1st period - Goal by Michael Frolik - Penguins : 0 - Sharks : 1.
5:31 of 1st period - Dany Heatley wins face-off versus Jordan Schroeder in neutral zone.
5:37 of 1st period - Minor Penalty to Nick Ritchie for Holding.
5:38 of 1st period - Shane Doan wins face-off versus Henrik Zetterberg in Penguins zone.
5:57 of 1st period - Shot by Nikita Nikitin.
5:57 of 1st period - Shot Misses the Net.
5:59 of 1st period - Shot by Henrik Zetterberg.
5:59 of 1st period - Shot Misses the Net.
6:01 of 1st period - Shot by Colton Parayko.
6:01 of 1st period - Shot Misses the Net.
6:03 of 1st period - Shot by Nikita Nikitin.
6:03 of 1st period - Shot Misses the Net.
6:05 of 1st period - Shot by Colton Parayko.
6:05 of 1st period - Shot Misses the Net.
6:35 of 1st period - Shot by Dany Heatley.
6:35 of 1st period - Stopped by Jon Gillies without a rebound.
6:36 of 1st period - Daniel Winnik wins face-off versus Shane Doan in Penguins zone.
6:51 of 1st period - Icing by Dany Heatley.
6:52 of 1st period - Daniel Winnik wins face-off versus Jared Boll in Sharks zone.
6:59 of 1st period - Shot by Rob Scuderi.
6:59 of 1st period - Stopped by Jon Gillies without a rebound.
7:00 of 1st period - Daniel Winnik wins face-off versus Shane Doan in Penguins zone.
7:37 of 1st period - Shot by Daniel Winnik.
7:37 of 1st period - Deflect By Michael Ryder.
7:37 of 1st period - Stopped by Jon Gillies without a rebound.
7:38 of 1st period - Andrew Ladd wins face-off versus Alexander Burmistrov in Penguins zone.
7:47 of 1st period - Shot by Andrew Ladd.
7:47 of 1st period - Shot Blocked by Kurtis Foster.
7:49 of 1st period - Shot by Michael Ryder.
7:49 of 1st period - Deflect By Andrew Ladd.
7:49 of 1st period - Shot Misses the Net.
7:51 of 1st period - Shot by Nathan MacKinnon.
7:51 of 1st period - Stopped by Jon Gillies without a rebound.
7:52 of 1st period - Anze Kopitar wins face-off versus Henrik Zetterberg in Penguins zone.
7:59 of 1st period - Shot by Marian Gaborik.
7:59 of 1st period - Shot Misses the Net.
8:08 of 1st period - Icing by Rob Scuderi.
8:09 of 1st period - Henrik Zetterberg wins face-off versus Shane Doan in Sharks zone.
8:32 of 1st period - Shot by Henrik Zetterberg.
8:32 of 1st period - Stopped by Jon Gillies without a rebound.
8:33 of 1st period - Anze Kopitar wins face-off versus Andrew Ladd in Penguins zone.
8:42 of 1st period - Shot by Anze Kopitar.
8:42 of 1st period - Shot Misses the Net.
8:49 of 1st period - Off-side.
8:50 of 1st period - Shane Doan wins face-off versus Daniel Winnik in neutral zone.
9:05 of 1st period - Michael Frolik is hit by Kurtis Foster and loses puck.
9:17 of 1st period - Off-side.
9:18 of 1st period - Henrik Zetterberg wins face-off versus Anze Kopitar in neutral zone.
9:21 of 1st period - Shot by Dany Heatley.
9:21 of 1st period - Shot Blocked by Ryan Suter.
9:31 of 1st period - Shot by Ryan Suter.
9:31 of 1st period - Shot Misses the Net.
9:33 of 1st period - Shot by Anze Kopitar.
9:33 of 1st period - Stopped by Martin Jones with a rebound.
9:35 of 1st period - Shot by Dustin Jeffrey.
9:35 of 1st period - Stopped by Martin Jones with a rebound.
9:43 of 1st period - Shot by Anze Kopitar.
9:43 of 1st period - Deflect By Dustin Jeffrey.
9:43 of 1st period - Shot Misses the Net.
9:45 of 1st period - Shot by Ryan Suter.
9:45 of 1st period - Shot Misses the Net.
10:13 of 1st period - Dany Heatley is hit by Jared Boll.
10:19 of 1st period - Nikita Nikitin is hit by Jared Boll and loses puck.
10:24 of 1st period - Shot by Shane Doan.
10:24 of 1st period - Stopped by Martin Jones without a rebound.
10:25 of 1st period - Andrew Ladd wins face-off versus Alexander Burmistrov in Sharks zone.
10:32 of 1st period - Alexander Burmistrov is hit by Michael Ryder and loses puck.
10:49 of 1st period - Shot by Nick Ritchie.
10:49 of 1st period - Stopped by Martin Jones without a rebound.
10:50 of 1st period - Shane Doan wins face-off versus Daniel Winnik in Sharks zone.
10:50 of 1st period - Shane Doan is hit by Colton Parayko.
10:54 of 1st period - Shot by Jared Boll.
10:54 of 1st period - Stopped by Martin Jones without a rebound.
10:55 of 1st period - Shane Doan wins face-off versus Cal Clutterbuck in Sharks zone.
11:12 of 1st period - Seth Jones is hit by Jared Boll and loses puck.
11:16 of 1st period - Icing by Daniel Winnik.
11:17 of 1st period - Daniel Winnik wins face-off versus Jordan Schroeder in Sharks zone.
11:26 of 1st period - Shot by Colton Parayko.
11:26 of 1st period - Shot Misses the Net.
11:40 of 1st period - Shot by Nick Ritchie.
11:40 of 1st period - Deflect By Jordan Schroeder.
11:40 of 1st period - Stopped by Martin Jones without a rebound.
11:41 of 1st period - Shane Doan wins face-off versus Andrew Ladd in Sharks zone.
11:42 of 1st period - Shot by Ryan Suter.
11:42 of 1st period - Deflect By Shane Doan.
11:42 of 1st period - Stopped by Martin Jones with a rebound.
11:56 of 1st period - Shot by Michael Ryder.
11:56 of 1st period - Shot Misses the Net.
11:58 of 1st period - Shot by Michael Ryder.
11:58 of 1st period - Shot Misses the Net.
12:00 of 1st period - Shot by Andrew Ladd.
12:00 of 1st period - Shot Misses the Net.
12:02 of 1st period - Shot by Rob Scuderi.
12:02 of 1st period - Shot Blocked by Kyle Quincey.
12:04 of 1st period - Shot by Alec Martinez.
12:04 of 1st period - Stopped by Jon Gillies without a rebound.
12:05 of 1st period - Henrik Zetterberg wins face-off versus Alexander Burmistrov in Penguins zone.
12:13 of 1st period - Minor Penalty to Dany Heatley for Slashing.
12:13 of 1st period - Minor Penalty to Kevin Klein for Tripping.
12:14 of 1st period - Shane Doan wins face-off versus Jean-Gabriel Pageau in Penguins zone.
12:38 of 1st period - Shot by Jean-Gabriel Pageau.
12:38 of 1st period - Stopped by Jon Gillies without a rebound.
12:39 of 1st period - Jean-Gabriel Pageau wins face-off versus Shane Doan in Penguins zone.
12:39 of 1st period - Michael Frolik is hit by Kurtis Foster and loses puck.
12:53 of 1st period - Michael Frolik is hit by Mark Ardelan and loses puck.
13:03 of 1st period - Michael Frolik is hit by Kurtis Foster and loses puck.
13:16 of 1st period - Shot by Michael Frolik.
13:16 of 1st period - Shot Misses the Net.
15:23 of 1st period - Shot by Mark Ardelan.
15:23 of 1st period - Stopped by Martin Jones without a rebound.
15:24 of 1st period - Shane Doan wins face-off versus Cal Clutterbuck in Sharks zone.
15:24 of 1st period - Ryan Suter is hit by Alec Martinez and loses puck.
15:27 of 1st period - Shot by Jared Boll.
15:27 of 1st period - Shot Hit the Post.
15:28 of 1st period - Minor Penalty to Rob Scuderi for Roughing.
15:29 of 1st period - Shane Doan wins face-off versus Michael Frolik in Sharks zone.
16:09 of 1st period - Shot by Jared Boll.
16:09 of 1st period - Shot Misses the Net.
16:35 of 1st period - Shot by Kurtis Foster.
16:35 of 1st period - Shot Blocked by Nikita Nikitin.
16:37 of 1st period - Shot by Anze Kopitar.
16:37 of 1st period - Deflect By Jordan Schroeder.
16:37 of 1st period - Shot Misses the Net.
16:39 of 1st period - Shot by Kevin Klein.
16:39 of 1st period - Stopped by Martin Jones with a rebound.
16:41 of 1st period - Shot by Kurtis Foster.
16:41 of 1st period - Shot Misses the Net.
16:43 of 1st period - Shot by Kurtis Foster.
16:43 of 1st period - Stopped by Martin Jones without a rebound.
16:44 of 1st period - Michael Frolik wins face-off versus Jordan Schroeder in Sharks zone.
16:50 of 1st period - Icing by Kyle Quincey.
16:51 of 1st period - Michael Frolik wins face-off versus Anze Kopitar in Penguins zone.
17:32 of 1st period - Off-side.
17:33 of 1st period - Shane Doan wins face-off versus Henrik Zetterberg in neutral zone.
17:58 of 1st period - Shot by Dany Heatley.
17:58 of 1st period - Stopped by Jon Gillies without a rebound.
17:59 of 1st period - Andrew Ladd wins face-off versus Anze Kopitar in Penguins zone.
18:10 of 1st period - Shot by Michael Ryder.
18:10 of 1st period - Shot Misses the Net.
19:17 of 1st period - Minor Penalty to Alec Martinez for Tripping.
19:18 of 1st period - Anze Kopitar wins face-off versus Michael Frolik in Sharks zone.
19:23 of 1st period - Shot by Anze Kopitar.
19:23 of 1st period - Stopped by Martin Jones without a rebound.
19:24 of 1st period - Michael Frolik wins face-off versus Shane Doan in Sharks zone.
19:24 of 1st period - Michael Frolik is hit by Shane Doan.
19:59 of 1st period - Shane Doan is hit by Keith Ballard and loses puck.
Goals for this period are 0 for Penguins vs 1 for Sharks.
Shots for this period are 12 for Penguins vs 15 for Sharks.

2nd period


0:01 of 2nd period - Shane Doan wins face-off versus Michael Frolik in neutral zone.
0:12 of 2nd period - Shot by Ryan Suter.
0:12 of 2nd period - Stopped by Martin Jones without a rebound.
0:13 of 2nd period - Anze Kopitar wins face-off versus Michael Frolik in Sharks zone.
1:12 of 2nd period - Icing by Kevin Klein.
1:13 of 2nd period - Shane Doan wins face-off versus Michael Frolik in Penguins zone.
1:48 of 2nd period - Shot by Nathan MacKinnon.
1:48 of 2nd period - Deflect By Michael Ryder.
1:48 of 2nd period - Goal by Michael Ryder - Penguins : 0 - Sharks : 2.
1:49 of 2nd period - Anze Kopitar wins face-off versus Henrik Zetterberg in neutral zone.
2:26 of 2nd period - Shot by Dany Heatley.
2:26 of 2nd period - Shot Misses the Net.
2:28 of 2nd period - Shot by Nikita Nikitin.
2:28 of 2nd period - Shot Misses the Net.
2:30 of 2nd period - Shot by Dany Heatley.
2:30 of 2nd period - Shot Misses the Net.
3:18 of 2nd period - Off-side.
3:19 of 2nd period - Andrew Ladd wins face-off versus Shane Doan in neutral zone.
3:19 of 2nd period - Alec Martinez is hit by Shane Doan.
3:22 of 2nd period - Minor Penalty to Garnet Exelby for Hooking.
3:23 of 2nd period - Dany Heatley wins face-off versus Shane Doan in Penguins zone.
4:41 of 2nd period - Shot by Henrik Zetterberg.
4:41 of 2nd period - Shot Misses the Net.
4:43 of 2nd period - Shot by Colton Parayko.
4:43 of 2nd period - Stopped by Jon Gillies with a rebound.
4:45 of 2nd period - Shot by Nikita Nikitin.
4:45 of 2nd period - Goal by Nikita Nikitin - Penguins : 0 - Sharks : 3.
4:46 of 2nd period - Andrew Ladd wins face-off versus Jordan Schroeder in neutral zone.
5:25 of 2nd period - Shot by Andrew Ladd.
5:25 of 2nd period - Stopped by Jon Gillies without a rebound.
5:26 of 2nd period - Shane Doan wins face-off versus Henrik Zetterberg in Penguins zone.
5:26 of 2nd period - Shane Doan is hit by Dany Heatley.
6:42 of 2nd period - Shot by Anze Kopitar.
6:42 of 2nd period - Shot Misses the Net.
7:27 of 2nd period - Icing by Kevin Klein.
7:28 of 2nd period - Anze Kopitar wins face-off versus Jean-Gabriel Pageau in Penguins zone.
7:54 of 2nd period - Kyle Quincey is hit by Dany Heatley and loses puck.
8:34 of 2nd period - Jared Boll is hit by Dany Heatley and loses puck.
8:54 of 2nd period - Icing by Garnet Exelby.
8:55 of 2nd period - Daniel Winnik wins face-off versus Jared Boll in Penguins zone.
8:55 of 2nd period - Daniel Winnik is hit by Garnet Exelby.
8:56 of 2nd period - Minor Penalty to Garnet Exelby for Tripping.
8:57 of 2nd period - Shane Doan wins face-off versus Henrik Zetterberg in Penguins zone.
9:10 of 2nd period - Shot by Henrik Zetterberg.
9:10 of 2nd period - Stopped by Jon Gillies without a rebound.
9:11 of 2nd period - Anze Kopitar wins face-off versus Henrik Zetterberg in Penguins zone.
10:07 of 2nd period - Kurtis Foster is hit by Dany Heatley and loses puck.
10:33 of 2nd period - Jean-Gabriel Pageau is hit by Kyle Quincey and loses puck.
10:58 of 2nd period - Shot by Andrew Ladd.
10:58 of 2nd period - Shot Misses the Net.
11:03 of 2nd period - Andrew Ladd is hit by Garnet Exelby and loses puck.
11:10 of 2nd period - Shot by Nathan MacKinnon.
11:10 of 2nd period - Stopped by Jon Gillies with a rebound.
11:12 of 2nd period - Shot by Michael Ryder.
11:12 of 2nd period - Shot Misses the Net.
11:14 of 2nd period - Shot by Andrew Ladd.
11:14 of 2nd period - Shot Misses the Net.
11:22 of 2nd period - Shot by Michael Ryder.
11:22 of 2nd period - Stopped by Jon Gillies without a rebound.
11:23 of 2nd period - Daniel Winnik wins face-off versus Shane Doan in Penguins zone.
11:41 of 2nd period - Kevin Klein is hit by Cal Clutterbuck and loses puck.
11:56 of 2nd period - Shot by Shane Doan.
11:56 of 2nd period - Stopped by Martin Jones without a rebound.
11:57 of 2nd period - Andrew Ladd wins face-off versus Jordan Schroeder in Sharks zone.
11:57 of 2nd period - Andrew Ladd is hit by Nick Ritchie.
12:05 of 2nd period - Shot by Andrew Ladd.
12:05 of 2nd period - Stopped by Jon Gillies without a rebound.
12:06 of 2nd period - Anze Kopitar wins face-off versus Dany Heatley in Penguins zone.
12:06 of 2nd period - Anze Kopitar is hit by Dany Heatley.
12:40 of 2nd period - Off-side.
12:41 of 2nd period - Shane Doan wins face-off versus Andrew Ladd in neutral zone.
13:28 of 2nd period - Rob Scuderi is hit by Shane Doan and loses puck.
13:56 of 2nd period - Shot by Kamil Kreps.
13:56 of 2nd period - Stopped by Martin Jones with a rebound.
13:58 of 2nd period - Shot by Alexander Burmistrov.
13:58 of 2nd period - Stopped by Martin Jones without a rebound.
13:59 of 2nd period - Jiri Novotny wins face-off versus Henrik Zetterberg in Sharks zone.
14:06 of 2nd period - Marian Gaborik is hit by Anze Kopitar and loses puck.
14:10 of 2nd period - Icing by Seth Jones.
14:11 of 2nd period - Henrik Zetterberg wins face-off versus Jordan Schroeder in Sharks zone.
14:11 of 2nd period - Colton Parayko is hit by Nick Ritchie and loses puck.
15:05 of 2nd period - Nikita Soshnikov is hit by Cal Clutterbuck and loses puck.
15:09 of 2nd period - Icing by Kyle Quincey.
15:10 of 2nd period - Jordan Schroeder wins face-off versus Michael Ryder in Penguins zone.
15:34 of 2nd period - Minor Penalty to Shane Doan for Roughing.
15:35 of 2nd period - Daniel Winnik wins face-off versus Dustin Jeffrey in Penguins zone.
16:27 of 2nd period - Off-side.
16:28 of 2nd period - Dustin Jeffrey wins face-off versus Michael Frolik in neutral zone.
16:47 of 2nd period - Shot by Michael Frolik.
16:47 of 2nd period - Shot Misses the Net.
16:49 of 2nd period - Shot by Marian Gaborik.
16:49 of 2nd period - Shot Blocked by Kurtis Foster.
17:25 of 2nd period - Shot by Dany Heatley.
17:25 of 2nd period - Shot Misses the Net.
17:27 of 2nd period - Shot by Dany Heatley.
17:27 of 2nd period - Shot Misses the Net.
18:05 of 2nd period - Shot by Michael Ryder.
18:05 of 2nd period - Stopped by Jon Gillies with a rebound.
18:07 of 2nd period - Shot by Ole-Kristian Tollefson.
18:07 of 2nd period - Stopped by Jon Gillies without a rebound.
18:07 of 2nd period - Minor Penalty to Garnet Exelby for Hooking.
18:08 of 2nd period - Daniel Winnik wins face-off versus Jared Boll in Penguins zone.
18:35 of 2nd period - Shot by Jean-Gabriel Pageau.
18:35 of 2nd period - Deflect By Dany Heatley.
18:35 of 2nd period - Shot Blocked by Kyle Quincey.
18:39 of 2nd period - Shot by Dany Heatley.
18:39 of 2nd period - Shot Misses the Net.
18:41 of 2nd period - Shot by Dany Heatley.
18:41 of 2nd period - Shot Blocked by Ryan Suter.
18:59 of 2nd period - Kurtis Foster is hit by Marian Gaborik and loses puck.
19:06 of 2nd period - Shot by Michael Frolik.
19:06 of 2nd period - Stopped by Jon Gillies without a rebound.
19:07 of 2nd period - Shane Doan wins face-off versus Henrik Zetterberg in Penguins zone.
19:36 of 2nd period - Shot by Henrik Zetterberg.
19:36 of 2nd period - Stopped by Jon Gillies with a rebound.
Goals for this period are 0 for Penguins vs 2 for Sharks.
Shots for this period are 4 for Penguins vs 12 for Sharks.

3rd period


0:01 of 3rd period - Michael Frolik wins face-off versus Shane Doan in neutral zone.
0:06 of 3rd period - Shot by Marian Gaborik.
0:06 of 3rd period - Stopped by Jon Gillies without a rebound.
0:07 of 3rd period - Henrik Zetterberg wins face-off versus Shane Doan in Penguins zone.
0:22 of 3rd period - Shot by Marian Gaborik.
0:22 of 3rd period - Shot Misses the Net.
0:24 of 3rd period - Shot by Dany Heatley.
0:24 of 3rd period - Shot Blocked by Kyle Quincey.
0:26 of 3rd period - Shot by Henrik Zetterberg.
0:26 of 3rd period - Stopped by Jon Gillies without a rebound.
0:27 of 3rd period - Dustin Jeffrey wins face-off versus Andrew Ladd in Penguins zone.
0:27 of 3rd period - Dustin Jeffrey is hit by Michael Ryder.
0:47 of 3rd period - Shot by Kevin Klein.
0:47 of 3rd period - Shot Misses the Net.
0:49 of 3rd period - Shot by Anze Kopitar.
0:49 of 3rd period - Stopped by Martin Jones with a rebound.
0:52 of 3rd period - Ole-Kristian Tollefson beats up Kurtis Foster.
0:52 of 3rd period - Penalty to Ole-Kristian Tollefson for Fighting.
0:52 of 3rd period - Penalty to Kurtis Foster for Fighting.
0:53 of 3rd period - Henrik Zetterberg wins face-off versus Shane Doan in Sharks zone.
0:53 of 3rd period - Henrik Zetterberg is hit by Shane Doan.
1:32 of 3rd period - Icing by Alec Martinez.
1:33 of 3rd period - Anze Kopitar wins face-off versus Henrik Zetterberg in Sharks zone.
1:36 of 3rd period - Shot by Anze Kopitar.
1:36 of 3rd period - Stopped by Martin Jones without a rebound.
1:37 of 3rd period - Anze Kopitar wins face-off versus Daniel Winnik in Sharks zone.
1:43 of 3rd period - Anze Kopitar is hit by Colton Parayko and loses puck.
2:03 of 3rd period - Icing by Kevin Klein.
2:04 of 3rd period - Andrew Ladd wins face-off versus Anze Kopitar in Penguins zone.
2:13 of 3rd period - Icing by Rob Scuderi.
2:14 of 3rd period - Nathan MacKinnon wins face-off versus Shane Doan in Sharks zone.
3:09 of 3rd period - Shot by Dany Heatley.
3:09 of 3rd period - Shot Misses the Net.
3:11 of 3rd period - Shot by Nikita Nikitin.
3:11 of 3rd period - Stopped by Jon Gillies without a rebound.
3:12 of 3rd period - Cal Clutterbuck wins face-off versus Anze Kopitar in Penguins zone.
3:16 of 3rd period - Icing by Anze Kopitar.
3:17 of 3rd period - Henrik Zetterberg wins face-off versus Anze Kopitar in Penguins zone.
3:20 of 3rd period - Shot by Marian Gaborik.
3:20 of 3rd period - Shot Blocked by Mark Ardelan.
3:32 of 3rd period - Shot by Anze Kopitar.
3:32 of 3rd period - Stopped by Martin Jones with a rebound.
4:05 of 3rd period - Icing by Kevin Klein.
4:06 of 3rd period - Anze Kopitar wins face-off versus Daniel Winnik in Penguins zone.
4:19 of 3rd period - Dustin Jeffrey is hit by Cal Clutterbuck and loses puck.
4:38 of 3rd period - Shot by Alec Martinez.
4:38 of 3rd period - Shot Blocked by Kyle Quincey.
4:44 of 3rd period - Shot by Michael Frolik.
4:44 of 3rd period - Stopped by Jon Gillies without a rebound.
4:45 of 3rd period - Andrew Ladd wins face-off versus Alexander Burmistrov in Penguins zone.
4:48 of 3rd period - Shot by Andrew Ladd.
4:48 of 3rd period - Stopped by Jon Gillies with a rebound.
5:06 of 3rd period - Shot by Michael Ryder.
5:06 of 3rd period - Shot Misses the Net.
5:08 of 3rd period - Shot by Andrew Ladd.
5:08 of 3rd period - Shot Blocked by Ryan Suter.
6:33 of 3rd period - Minor Penalty to Cal Clutterbuck for Holding.
6:34 of 3rd period - Jean-Gabriel Pageau wins face-off versus Anze Kopitar in Sharks zone.
7:16 of 3rd period - Michael Frolik is hit by Shane Doan and loses puck.
7:29 of 3rd period - Shot by Mark Ardelan.
7:29 of 3rd period - Shot Blocked by Nikita Nikitin.
7:31 of 3rd period - Shot by Kurtis Foster.
7:31 of 3rd period - Stopped by Martin Jones without a rebound.
7:32 of 3rd period - Anze Kopitar wins face-off versus Dany Heatley in Sharks zone.
8:30 of 3rd period - Ole-Kristian Tollefson is hit by Jared Boll and loses puck.
8:35 of 3rd period - Shot by Anze Kopitar.
8:35 of 3rd period - Shot Blocked by Colton Parayko.
8:37 of 3rd period - Shot by Garnet Exelby.
8:37 of 3rd period - Deflect By Jiri Novotny.
8:37 of 3rd period - Shot Blocked by Seth Jones.
8:39 of 3rd period - Shot by Jiri Novotny.
8:39 of 3rd period - Deflect By Dustin Jeffrey.
8:39 of 3rd period - Shot Blocked by Colton Parayko.
8:41 of 3rd period - Shot by Jiri Novotny.
8:41 of 3rd period - Stopped by Martin Jones without a rebound.
8:42 of 3rd period - Anze Kopitar wins face-off versus Andrew Ladd in Sharks zone.
8:44 of 3rd period - Jiri Novotny is hit by Alec Martinez and loses puck.
8:57 of 3rd period - Shot by Michael Ryder.
8:57 of 3rd period - Shot Blocked by Mark Ardelan.
8:59 of 3rd period - Shot by Michael Ryder.
8:59 of 3rd period - Deflect By Nathan MacKinnon.
8:59 of 3rd period - Stopped by Jon Gillies without a rebound.
9:00 of 3rd period - Henrik Zetterberg wins face-off versus Jordan Schroeder in Penguins zone.
9:01 of 3rd period - Shot by Dany Heatley.
9:01 of 3rd period - Stopped by Jon Gillies without a rebound.
9:02 of 3rd period - Jordan Schroeder wins face-off versus Henrik Zetterberg in Penguins zone.
9:33 of 3rd period - Jordan Schroeder is hit by Ole-Kristian Tollefson.
9:34 of 3rd period - Minor Penalty to Nick Ritchie for Hooking.
9:35 of 3rd period - Daniel Winnik wins face-off versus Shane Doan in Penguins zone.
9:50 of 3rd period - Shot by Rob Scuderi.
9:50 of 3rd period - Shot Misses the Net.
9:52 of 3rd period - Shot by Jean-Gabriel Pageau.
9:52 of 3rd period - Deflect By Dany Heatley.
9:52 of 3rd period - Shot Misses the Net.
9:54 of 3rd period - Shot by Dany Heatley.
9:54 of 3rd period - Stopped by Jon Gillies without a rebound.
9:55 of 3rd period - Henrik Zetterberg wins face-off versus Shane Doan in Penguins zone.
10:02 of 3rd period - Shot by Nikita Nikitin.
10:02 of 3rd period - Stopped by Jon Gillies without a rebound.
10:03 of 3rd period - Shane Doan wins face-off versus Henrik Zetterberg in Penguins zone.
10:03 of 3rd period - Shane Doan is hit by Marian Gaborik.
10:15 of 3rd period - Shot by Michael Frolik.
10:15 of 3rd period - Stopped by Jon Gillies without a rebound.
10:16 of 3rd period - Shane Doan wins face-off versus Daniel Winnik in Penguins zone.
10:16 of 3rd period - Ryan Suter is hit by Dany Heatley and loses puck.
10:49 of 3rd period - Shot by Daniel Winnik.
10:49 of 3rd period - Deflect By Jean-Gabriel Pageau.
10:49 of 3rd period - Stopped by Jon Gillies without a rebound.
10:50 of 3rd period - Shane Doan wins face-off versus Henrik Zetterberg in Penguins zone.
10:59 of 3rd period - Shot by Michael Frolik.
10:59 of 3rd period - Shot Misses the Net.
11:01 of 3rd period - Shot by Michael Frolik.
11:01 of 3rd period - Stopped by Jon Gillies without a rebound.
11:02 of 3rd period - Henrik Zetterberg wins face-off versus Shane Doan in Penguins zone.
11:31 of 3rd period - Shot by Michael Frolik.
11:31 of 3rd period - Deflect By Marian Gaborik.
11:31 of 3rd period - Shot Misses the Net.
11:33 of 3rd period - Shot by Rob Scuderi.
11:33 of 3rd period - Stopped by Jon Gillies without a rebound.
11:34 of 3rd period - Andrew Ladd wins face-off versus Alexander Burmistrov in Penguins zone.
11:53 of 3rd period - Shot by Michael Ryder.
11:53 of 3rd period - Stopped by Jon Gillies without a rebound.
11:54 of 3rd period - Jean-Gabriel Pageau wins face-off versus Anze Kopitar in Penguins zone.
12:06 of 3rd period - Minor Penalty to Dany Heatley for Boarding.
12:06 of 3rd period - Minor Penalty to Dustin Jeffrey for Tripping.
12:07 of 3rd period - Jean-Gabriel Pageau wins face-off versus Shane Doan in neutral zone.
12:28 of 3rd period - Off-side.
12:29 of 3rd period - Jean-Gabriel Pageau wins face-off versus Shane Doan in neutral zone.
12:34 of 3rd period - Shot by Michael Frolik.
12:34 of 3rd period - Deflect By Jean-Gabriel Pageau.
12:34 of 3rd period - Shot Misses the Net.
13:46 of 3rd period - Shot by Jared Boll.
13:46 of 3rd period - Shot Misses the Net.
14:02 of 3rd period - Shot by Jared Boll.
14:02 of 3rd period - Stopped by Martin Jones with a rebound.
14:32 of 3rd period - Kamil Kreps is hit by Ole-Kristian Tollefson and loses puck.
15:21 of 3rd period - Shot by Daniel Winnik.
15:21 of 3rd period - Goal by Daniel Winnik - Penguins : 0 - Sharks : 4.
15:22 of 3rd period - Shane Doan wins face-off versus Jean-Gabriel Pageau in neutral zone.
15:39 of 3rd period - Shot by Viktor Stalberg.
15:39 of 3rd period - Shot Misses the Net.
15:45 of 3rd period - Shot by Mark Letestu.
15:45 of 3rd period - Shot Misses the Net.
15:47 of 3rd period - Shot by Jean-Gabriel Pageau.
15:47 of 3rd period - Stopped by Jon Gillies without a rebound.
15:48 of 3rd period - Jordan Schroeder wins face-off versus Andrew Ladd in Penguins zone.
15:57 of 3rd period - Shot by Ryan Suter.
15:57 of 3rd period - Stopped by Martin Jones with a rebound.
16:11 of 3rd period - Shot by Kyle Quincey.
16:11 of 3rd period - Shot Misses the Net.
16:15 of 3rd period - Shot by Nick Ritchie.
16:15 of 3rd period - Shot Misses the Net.
16:35 of 3rd period - Icing by Nikita Nikitin.
16:36 of 3rd period - Andrew Ladd wins face-off versus Shane Doan in Sharks zone.
16:41 of 3rd period - Nikita Nikitin is hit by Shane Doan and loses puck.
16:48 of 3rd period - Shot by Viktor Stalberg.
16:48 of 3rd period - Stopped by Martin Jones with a rebound.
16:54 of 3rd period - Shot by Shane Doan.
16:54 of 3rd period - Stopped by Martin Jones without a rebound.
16:55 of 3rd period - Henrik Zetterberg wins face-off versus Jiri Novotny in Sharks zone.
17:06 of 3rd period - Shot by Mark Ardelan.
17:06 of 3rd period - Stopped by Martin Jones with a rebound.
17:10 of 3rd period - Shot by Jiri Novotny.
17:10 of 3rd period - Stopped by Martin Jones without a rebound.
17:11 of 3rd period - Daniel Winnik wins face-off versus Shane Doan in Sharks zone.
17:47 of 3rd period - Minor Penalty to Shane Doan for Hooking.
17:48 of 3rd period - Henrik Zetterberg wins face-off versus Anze Kopitar in Penguins zone.
18:01 of 3rd period - Shot by Anze Kopitar.
18:01 of 3rd period - Stopped by Martin Jones with a rebound.
18:09 of 3rd period - Shot by Marian Gaborik.
18:09 of 3rd period - Shot Misses the Net.
18:11 of 3rd period - Shot by Marian Gaborik.
18:11 of 3rd period - Shot Misses the Net.
18:13 of 3rd period - Shot by Henrik Zetterberg.
18:13 of 3rd period - Stopped by Jon Gillies without a rebound.
18:14 of 3rd period - Daniel Winnik wins face-off versus Dustin Jeffrey in Penguins zone.
18:41 of 3rd period - Icing by Nikita Nikitin.
18:42 of 3rd period - Dustin Jeffrey wins face-off versus Daniel Winnik in Sharks zone.
19:34 of 3rd period - Shot by Marian Gaborik.
19:34 of 3rd period - Shot Misses the Net.
19:36 of 3rd period - Shot by Henrik Zetterberg.
19:36 of 3rd period - Stopped by Jon Gillies without a rebound.
19:37 of 3rd period - Henrik Zetterberg wins face-off versus Dustin Jeffrey in Penguins zone.
19:54 of 3rd period - Shot by Nick Ritchie.
19:54 of 3rd period - Shot Blocked by Nikita Nikitin.
Goals for this period are 0 for Penguins vs 1 for Sharks.
Shots for this period are 12 for Penguins vs 18 for Sharks.